woodfighter, chaotic female sylph Priestess ---.--------- ...@a.......| |..aa.%.....| |...a[......| ............| ------------- woodfighter the Adept Experience level: 6 Strength: 13 Dexterity: 8 Constitution: 15 Intelligence: 19 Wisdom: 10 Charisma: 11 Health: 0(55) Energy: 65(65) Def: 3 Gold: 744 Moves: 3071 Dungeon seed: NKmfY6xnV6pRRjeW Game ID: woodfighter_1560070508 Your Inventory: Coins $ - 744 gold pieces Weapons a - a blessed +1 mace (weapon in hand) J - 3 +0 orcish spears Armor e - a +0 robe (being worn) n - a blessed +0 small shield (being worn) q - a +0 pair of gauntlets of dexterity r - a +0 mummy wrapping Comestibles d - a sprig of wolfsbane m - a food ration F - a tripe ration Scrolls l - 3 scrolls of scare monster o - a scroll of identify B - a scroll of fire D - a scroll of teleportation K - a scroll of remove curse Potions b - 4 potions of holy water j - a potion of gain energy k - a potion of healing p - a cursed potion of extra healing s - a cursed potion of oil G - a potion of object detection I - a potion of see invisible M - a potion of full healing Rings x - a ring of warning Wands f - a wand of cancellation (0:1) Tools i - a magic marker (0:52) v - a cursed tallow candle (0:200) w - a magic whistle Gems y - 2 worthless pieces of red glass z - an amethyst N - a worthless piece of white glass Spells and supernatural/magical abilities: Name Level Category Fail Memory n - detect monsters 1 divination 0% 85% p - protection 1 clerical 0% 85% W - pray for help -- divine ? -- X - turn undead -- divine ? -- Your skills at the end: Miscellaneous Skills shield [Basic] wands [Basic] Weapon Skills mace [Skilled] Spellcasting Skills clerical spells [Basic] Final Attributes: You were piously aligned. You saw invisible. You had infravision. You were very stealthy. You were protected from shape changers. You are dead. Vanquished creatures: a giant beetle 2 leprechauns a dog a raven 4 Uruk-hai a rock piercer a pony a fog cloud a violet fungus a gnome lord 2 kobold mummies a gray ooze a straw golem a puppy 2 floating eyes an iguana a dwarf zombie 4 coyotes a gas spore a hobbit a gecko 4 giant rats a brown mold 2 gnomes 4 jackals a kobold 6 newts 3 sewer rats 6 grid bugs 2 bats 3 lichens 62 creatures vanquished. Voluntary challenges: You followed a strict vegan diet. You did not adorn yourself with jewelry or accessories. You did not cause conflict. You were not invisible. You did not have reflection. You were not displaced. You had been an atheist until turn 2483. You used a wielded weapon 117 times, starting on turn 242. You did not apply a unicorn horn. You did not use plumbed fixtures. You did not drink any magical draughts. You were illiterate. You never genocided any monsters. You never polymorphed an object. You never changed form. You used no wishes. You never split a pudding. You never wrote Elbereth's name. You never violated your personal moral code. Dungeon overview: The Dungeons of Doom: levels 1 to 8 Level 1 a long staircase Level 2 (box) a potion shop, a fountain Level 3 stairs to The Gnomish Mines Level 4 Level 5 Level 6 an armor shop Level 7 (stash + box) Level 8 <- You were here The Gnomish Mines: Level 4 stairs to The Dungeons of Doom History has recorded: On T:1 you entered the Dungeons of Doom to retrieve the Amulet of Yendor! On T:117 you reached level 2 of The Dungeons of Doom. On T:507 you reached level 3 of The Dungeons of Doom. On T:756 you advanced to experience level 2. On T:923 you reached level 4 of The Dungeons of Doom. On T:974 you reached level 1 of The Gnomish Mines. On T:1029 you advanced to experience level 3. On T:1359 you advanced to experience level 4. On T:1376 you reached level 5 of The Dungeons of Doom. On T:1603 you reached level 6 of The Dungeons of Doom. On T:2001 you reached level 7 of The Dungeons of Doom. On T:2072 you advanced to experience level 5. On T:2483 you prayed to Manannan Mac Lir. On T:2602 you advanced to experience level 6. On T:2694 you reached level 8 of The Dungeons of Doom. Score breakdown: Gold: 744 ( 74 points) Experience: 6 levels ( 500 points) Exploration: 8 levels ( 210 points) Discoveries: 19 items ( 950 points) Variety of kills: 31 monsters ( 1550 points) Major goal: (nothing yet) ( 0 points) Survival: died (score multiplied by 3) Total score: 9852 Latest messages: You see here 4 daggers. Where do you want to travel to? You hear a distant squeak. You hit the soldier ant. The soldier ant bites! The soldier ant stings! The soldier ant bites! The soldier ant stings! The soldier ant bites! The soldier ant stings! You named this level: stash + box. You are now more skilled in mace. You feel you could be more dangerous! You finish searching. (2x) The soldier ant bites! The soldier ant stings! The soldier ant bites! The soldier ant stings! You hit the soldier ant! The soldier ant bites! The soldier ant stings! The soldier ant bites! The soldier ant stings! You die... Final status: Goodbye woodfighter the Priestess, killed by a soldier ant... You died in The Dungeons of Doom on dungeon level 8 with 9852 points, and 744 pieces of gold, after 3071 moves. You were level 6 with a maximum of 55 hit points when you died.